 Dungeon Crawl Stone Soup version 0.30.0-5-g1a98f26d00 (webtiles) character file.

Game seed: 10553065468520153372

202 trckry the Sneak (level 5, -2/38 HPs)
             Began as a Demonspawn Wanderer on May 13, 2023.
             Killed from afar by an orc wizard (7 damage)
             ... with a magic dart
             ... on level 3 of the Dungeon.
             The game lasted 00:08:33 (2458 turns).

trckry the Sneak (Demonspawn Wanderer)              Turns: 2458, Time: 00:08:34

Health: -2/38      AC:  3    Str: 12    XL:     5   Next: 50%
Magic:  6/6        EV: 12    Int: 11    God:
Gold:   169        SH:  0    Dex: 17    Spells: 5/6 levels left

rFire   . . .        a - +0 dagger
rCold   . . .        (no shield)
rNeg    . . .        f - +0 robe
rPois   .            (no helmet)
rElec   .            s - +0 cloak
rCorr   .            (no gloves)
SInv    .            (no boots)
Will    .....        (no amulet)
Stlth   +++          (no ring)
HPRegen 0.26/turn    (no ring)
MPRegen 0.10/turn

%: no passive effects
@: no status effects
A: hooves 1, powered by pain 1, demonic touch 1
a: no special abilities


You were on level 3 of the Dungeon.
You visited 1 branch of the dungeon, and saw 3 of its levels.

You collected 169 gold pieces.

Inventory:

Hand Weapons
 a - a +0 dagger (weapon)
 h - a +0 sling
 v - a +0 flail
Missiles
 b - 2 atropa-tipped darts (quivered)
 c - 2 datura-tipped darts
 p - 11 poisoned darts
Armour
 f - a +0 robe (worn)
 s - a +0 cloak (worn)
 w - a +0 chain mail
Jewellery
 m - a ring of positive energy
 B - a ring of poison resistance
Wands
 d - a wand of polymorph (6)
 t - a wand of flame (6)
Scrolls
 g - 3 scrolls of poison {unknown}
 i - a scroll of silence {unknown}
 k - a scroll of teleportation {unknown}
 l - 3 scrolls of fog {unknown}
 n - 3 scrolls of identify {unknown}
 q - a scroll of blinking {unknown}
 r - a scroll of vulnerability {unknown}
 y - a scroll of amnesia {unknown}
Potions
 e - 3 potions of mutation
 j - 2 potions of degeneration {unknown}
 o - 5 potions of heal wounds {unknown}
 u - a potion of flight {unknown}
 x - a potion of cancellation {unknown}
 z - a potion of brilliance {unknown}
 A - a potion of curing {unknown}


   Skills:
 + Level 2.0 Fighting
 + Level 1.9 Armour
 + Level 1.4 Dodging
 - Level 4.5 Stealth
 * Level 2.3 Unarmed Combat
 - Level 1.0 Spellcasting
 - Level 1.7 Fire Magic
 + Level 3.1 Evocations


You had 5 spell levels left.
You knew the following spells:

 Your Spells              Type           Power      Damage    Failure   Level
a - Foxfire               Conj/Fire      8%         2x1d4     22%         1

Your spell library contained the following spells:

 Spells                   Type           Power      Damage    Failure   Level
 Magic Dart               Conj           0%         1d3       32%         1
 Call Imp                 Summ           0%         N/A       43%         2
 Ignite Poison            Fire/Tmut/Pois 1%         N/A       58%         3
 Mephitic Cloud           Conj/Pois/Air  0%         N/A       67%         3
 Conjure Ball Lightning   Conj/Air       0%         3x3d6     100%        6
 Discord                  Hex            0%         N/A       100%        8
 Disjunction              Tloc           0%         N/A       100%        8


Dungeon Overview and Level Annotations

Branches:
Dungeon (3/15) Zot: 15541

Altars:


Innate Abilities, Weirdness & Mutations

You have large cloven feet.
You sometimes gain a little power by taking damage.
Your touch may inflict minor irresistible damage on your foes.


Message History

You hit the orc.
The orc is almost dead.
The bat hits you but does no damage. The orc barely misses you.
You closely miss the orc.
The orc is almost dead.
The orc hits you with a +0 flail!
* * * LOW HITPOINT WARNING * * *
You take 8 damage, and have 9/38 hp.
MASSIVE DAMAGE!!
You hit the orc.
You kill the orc!
You hit the endoplasm.
The endoplasm is moderately wounded.
The endoplasm freezes you.
You are frozen.
* * * LOW HITPOINT WARNING * * *
You take 4 damage, and have 6/38 hp.
You hit the endoplasm but do no damage. Your kick misses the endoplasm.
You touch the endoplasm.
You kill the endoplasm!
You closely miss the frilled lizard. You kick the frilled lizard.
You kill the frilled lizard!
The bat closely misses you. The bat completely misses you.
The orc wizard hits you with a +0 dagger.
* * * LOW HITPOINT WARNING * * *
You take 2 damage, and have 4/38 hp.
The bat closely misses you.
The orc wizard mumbles some strange words.
The orc wizard flickers and vanishes!
Deactivating autopickup; reactivate with Ctrl-A.
Items here: )) [ ††.
The bat attacks as you move away! The bat barely misses you.
The bat closely misses you. The bat barely misses you. The bat hits you.
* * * LOW HITPOINT WARNING * * *
You take 1 damage, and have 4/38 hp.
Found a stone staircase leading down.
A magic dart appears from out of thin air!
The magic dart hits you!
You die...

########.....[.. ..... #......
..............#. .....##......
.#######......#.####..##.........
.#####........#?.#.... #..###....
.......#########.#.. #.. ##...
....#### #...# ## #..# (...#
#####...# #..# ....# #......#
#.## .......# #..@.## #.#
......... #.....##### #.#
.......##......###.{o..# #.#
.......# ...... ##b##.# ##.#
...>.........> #....### ##..##
.......#......### ###....# #.....
.... ...# ##...###..... ....
#..####........... ..
#................


You could see an orc and a bat.

Vanquished Creatures
  Terence (D:3)
  Natasha (thrice) (D:2)
  Robin (D:2)
  2 gnolls (D:2)
  2 orcs (D:3)
  3 bats
  11 endoplasms
  3 giant cockroaches
  7 hobgoblins
  6 jackals
  5 quokkas
  A ball python (D:1)
  3 frilled lizards
  9 goblins
  5 kobolds (D:1)
  4 rats (D:1)
66 creatures vanquished.

Vanquished Creatures (others)
  A gnoll (D:2)
1 creature vanquished.

Grand Total: 67 creatures vanquished

Notes
Turn   | Place    | Note
-------+----------+-------------------------------------------
     0 | D:1      | trckry the Demonspawn Wanderer began the quest for the Orb.
     0 | D:1      | trckry set off with the following items: a +0 dagger, 2
                  | atropa-tipped darts, 2 datura-tipped darts, a wand of
                  | polymorph (6), a potion of mutation, a +0 robe; and the
                  | following spell memorised: Foxfire; and the following
                  | spells available to memorise: Ignite Poison.
     0 | D:1      | Reached XP level 1. HP: 13/13 MP: 2/2
    86 | D:1      | Discovered your monstrous ancestry.
    86 | D:1      | Gained mutation: Your touch may inflict minor irresistible
                  | damage on your foes. [demonic ancestry]
    86 | D:1      | Reached XP level 2. HP: 16/20 MP: 3/3
   239 | D:1      | Reached skill level 1 in Fighting
   572 | D:1      | Reached skill level 1 in Armour
   802 | D:1      | Reached XP level 3. HP: 22/26 MP: 4/4
   865 | D:1      | Reached skill level 1 in Unarmed Combat
  1066 | D:2      | Noticed Natasha
  1075 | D:2      | Killed Natasha
  1217 | D:2      | Gained mutation: You sometimes gain a little power by
                  | taking damage. [demonic ancestry]
  1217 | D:2      | Reached XP level 4. HP: 32/32 MP: 5/5
  1513 | D:2      | Noticed Robin
  1536 | D:2      | Killed Robin
  1537 | D:2      | Reached skill level 1 in Dodging
  1918 | D:2      | Noticed Natasha
  1932 | D:2      | Killed Natasha
  1933 | D:2      | Gained mutation: You have large cloven feet. [demonic
                  | ancestry]
  1933 | D:2      | Reached XP level 5. HP: 16/38 MP: 6/6
  2019 | D:2      | Noticed Natasha
  2028 | D:2      | Killed Natasha
  2179 | D:3      | Noticed Terence
  2191 | D:3      | Killed Terence
  2453 | D:3      | HP: 4/38 [orc wizard/+0 dagger (2)]
  2458 | D:3      | Killed from afar by an orc wizard

Illustrated notes

Levels and vault maps discovered:
D:1:      shiori_arrival_maze, layout_loops_ring, roderic_lattice_a,
          minmay_small_reverse_x
D:2:      layout_loops_ring, nicolae_concentric_dashed_squares_mild,
          uniq_natasha, uniq_robin
D:3:      layout_rooms, uniq_terence

Skill      XL: |  1  2  3  4  5 |
---------------+----------------+-----
Fighting       | 1 2 |  2.0
Armour         | 1 |  1.9
Unarmed Combat | 1 2 |  2.3
Dodging        | 1 |  1.4
Evocations     | 3 |  3.1
Stealth        | |  4.5
Spellcasting   | |  1.0
Fire Magic     | |  1.7

Action                     |  1- 3 |  4- 6 || total
---------------------------+-------+-------++-------
  Melee: Dagger            |    78 |   116 ||   194
         Touch             |    13 |    21 ||    34
         Punch             |     1 |     1 ||     2
         Kick              |       |    10 ||    10
  Throw: Dart              |     1 |     2 ||     3
   Stab: Sleeping          |    11 |     2 ||    13
         Distracted        |       |     1 ||     1
 Armour: Robe              |     8 |    26 ||    34
  Dodge: Dodged            |    29 |    64 ||    93
